BSA
BAFFIN ISLAND BEAVERS @ LOS CABOS CARTEL
04/20/2026
 
TOP OF THE 1ST
Baffin Island Beavers batting - Pitching for Los Cabos Cartel : RHP Vicente Durán
Pitching: RHP Vicente Durán
Batting: LHB Mario García 0-0: Called Strike
0-1: Swinging Strike
0-2: Strikes out looking
Batting: LHB Jeff Cole 0-0: Called Strike
0-1: Ball
1-1: Called Strike
1-2: Ball
2-2: Foul Ball, location: 2F
2-2: Foul Ball, location: 2F
2-2: Strikes out swinging
Batting: RHB Tony Morton 0-0: Called Strike
0-1: Ball
1-1: Foul Ball, location: 2F
1-2: Foul Ball, location: 2F
1-2: Ball
2-2: Ball
3-2: Foul Ball, location: 2F
3-2: Foul Ball, location: 2F
3-2: Strikes out looking
Top of the 1st over - 0 run(s), 0 hit(s), 0 error(s), 0 left on base; Baffin Island 0 - Los Cabos 0
BOTTOM OF THE 1ST
Los Cabos Cartel batting - Pitching for Baffin Island Beavers : LHP Marcos Benítez
Pitching: LHP Marcos Benítez
Batting: LHB Luis González 0-0: Ball
1-0: Called Strike
1-1: Called Strike
1-2: Strikes out swinging
Batting: RHB Gerardo Escobedo 0-0: Ball
1-0: Foul Ball, location: 2F
1-1: Fly out, F9 (Flyball, 9D)
Batting: SHB Julián Madrid 0-0: Foul Ball, location: 2F
0-1: Ground out 5-3 (Groundball, 5L)
Bottom of the 1st over - 0 run(s), 0 hit(s), 0 error(s), 0 left on base; Baffin Island 0 - Los Cabos 0
TOP OF THE 2ND
Baffin Island Beavers batting - Pitching for Los Cabos Cartel : RHP Vicente Durán
Batting: LHB Lorenzo Villa 0-0: Foul Ball, location: 2F
0-1: Swinging Strike
0-2: Fly out, F7 (Flyball, 78S)
Batting: RHB Dexter Potter 0-0: Ball
1-0: Ground out 5-3 (Groundball, 6S)
Batting: LHB Keng-chi Lao 0-0: Foul Ball, location: 2F
0-1: Ground out 3-1 (Groundball, 34S)
Top of the 2nd over - 0 run(s), 0 hit(s), 0 error(s), 0 left on base; Baffin Island 0 - Los Cabos 0
BOTTOM OF THE 2ND
Los Cabos Cartel batting - Pitching for Baffin Island Beavers : LHP Marcos Benítez
Batting: RHB Stephen Wilson 0-0: Foul Ball, location: 2F
0-1: Foul Ball, location: 2F
0-2: Ball
1-2: Ball
2-2: Ground out 4-3 (Groundball, 4)
Batting: RHB António Magana 0-0: Ground out 5-3 (Groundball, 56)
Batting: LHB Miguel Rivería 0-0: Called Strike
0-1: SINGLE (Flyball, 8RS) - OUT at second base trying to stretch hit.
Bottom of the 2nd over - 0 run(s), 1 hit(s), 0 error(s), 0 left on base; Baffin Island 0 - Los Cabos 0
TOP OF THE 3RD
Baffin Island Beavers batting - Pitching for Los Cabos Cartel : RHP Vicente Durán
Batting: RHB Dave Craig 0-0: Ball
1-0: Ground out 5-3 (Groundball, 5)
Batting: LHB José Berroa 0-0: Ball
1-0: Ball
2-0: Called Strike
2-1: Foul Ball, location: 2F
2-2: Strikes out looking
Batting: RHB Mario López 0-0: Ball
1-0: SINGLE (Groundball, 56)
Batting: LHB Mario García 0-0: Fielders Choice at 2nd, U6 (Groundball, 6M)
Top of the 3rd over - 0 run(s), 1 hit(s), 0 error(s), 1 left on base; Baffin Island 0 - Los Cabos 0
BOTTOM OF THE 3RD
Los Cabos Cartel batting - Pitching for Baffin Island Beavers : LHP Marcos Benítez
Batting: RHB Oliver Hernández 0-0: Ball
1-0: Called Strike
1-1: Ball
2-1: Foul Ball, location: 2F
2-2: Strikes out swinging
Batting: RHB John Pick 0-0: Ball
1-0: Called Strike
1-1: Fly out, F9 (Flyball, 9D)
Batting: RHB Wilbert Rodgers 0-0: Ball
1-0: Called Strike
1-1: Foul Ball, location: 2F
1-2: Foul Ball, location: 2F
1-2: SINGLE (Groundball, 6M)
Batting: LHB Luis González 0-0: Ground out 3-1 (Groundball, 3)
Bottom of the 3rd over - 0 run(s), 1 hit(s), 0 error(s), 1 left on base; Baffin Island 0 - Los Cabos 0
TOP OF THE 4TH
Baffin Island Beavers batting - Pitching for Los Cabos Cartel : RHP Vicente Durán
Batting: LHB Jeff Cole 0-0: Ground out 4-3 (Groundball, 4)
Batting: RHB Tony Morton 0-0: Called Strike
0-1: Ball
1-1: SINGLE (Groundball, 4MD)
Batting: LHB Lorenzo Villa 0-0: Called Strike
Pickoff Throw to First - Error! E1
Tony Morton to second
0-1: Ground out 4-3 (Groundball, 4S)
Tony Morton to third
Batting: RHB Dexter Potter 0-0: Foul Ball, location: 2F
0-1: Ball
1-1: DOUBLE (Flyball, 8LXD)
Tony Morton scores
Batting: LHB Keng-chi Lao 0-0: Reached on error, E4 (Groundball, 4)
Dexter Potter to third
Batting: RHB Dave Craig 0-0: Called Strike
0-1: Called Strike
0-2: Ball
1-2: Strikes out swinging
Top of the 4th over - 1 run(s), 2 hit(s), 2 error(s), 2 left on base; Baffin Island 1 - Los Cabos 0
BOTTOM OF THE 4TH
Los Cabos Cartel batting - Pitching for Baffin Island Beavers : LHP Marcos Benítez
Batting: RHB Gerardo Escobedo 0-0: Ball
1-0: Called Strike
1-1: Swinging Strike
1-2: Ground out 4-3 (Groundball, 4M)
Batting: SHB Julián Madrid 0-0: Called Strike
0-1: Foul Ball, location: 2F
0-2: Strikes out looking
Batting: RHB Stephen Wilson 0-0: Swinging Strike
0-1: Foul Ball, location: 2F
0-2: SOLO HOME RUN (Flyball, 7D), Distance : 378 ft
Batting: RHB António Magana 0-0: Foul Ball, location: 2F
0-1: Ball
1-1: Ball
2-1: Ball
3-1: Base on Balls
Batting: LHB Miguel Rivería 0-0: Ball
1-0: Ball
2-0: Ball
3-0: Called Strike
3-1: SINGLE (Line Drive, 4MD)
António Magana to second
Batting: RHB Oliver Hernández 0-0: Ball
1-0: Swinging Strike
1-1: Called Strike
1-2: Foul Ball, location: 2F
1-2: Foul Ball, location: 2F
1-2: Strikes out looking
Bottom of the 4th over - 1 run(s), 2 hit(s), 0 error(s), 2 left on base; Baffin Island 1 - Los Cabos 1
TOP OF THE 5TH
Baffin Island Beavers batting - Pitching for Los Cabos Cartel : RHP Vicente Durán
Batting: LHB José Berroa 0-0: Ball
1-0: Called Strike
1-1: Swinging Strike
1-2: SINGLE (Line Drive, 89S)
Batting: RHB Mario López 0-0: Swinging Strike
0-1: Ball
1-1: Grounds into double play, 6-4-3 (Groundball, 6)
Batting: LHB Mario García 0-0: Ball
1-0: Ball
2-0: SINGLE (Groundball, 5D)
Batting: LHB Jeff Cole 0-0: Ball
1-0: Swinging Strike
1-1: Foul Ball, location: 2F
1-2: SINGLE (Groundball, 34D)
Mario García to second
Runner from 2nd tries for 3rd, SAFE, throw made to third
Jeff Cole to second
Batting: RHB Tony Morton 0-0: SINGLE (Flyball, 9M)
Mario García scores
Jeff Cole to third
Runner from 3rd tries for Home, SAFE, throw made home
Tony Morton to second
Batting: LHB Lorenzo Villa 0-0: Ball
1-0: Foul Ball, location: 2F
1-1: Foul Ball, location: 2F
1-2: Foul Ball, location: 2F
1-2: Fly out, F8 (Popup, 8LS)
Top of the 5th over - 2 run(s), 4 hit(s), 0 error(s), 1 left on base; Baffin Island 3 - Los Cabos 1
BOTTOM OF THE 5TH
Los Cabos Cartel batting - Pitching for Baffin Island Beavers : LHP Marcos Benítez
Batting: RHB John Pick 0-0: Ground out 5-3 (Groundball, 5S)
Batting: RHB Wilbert Rodgers 0-0: Ball
1-0: Called Strike
1-1: Ball
2-1: SINGLE (Line Drive, 6)
Batting: LHB Luis González 0-0: Swinging Strike
0-1: Foul Ball, location: 2F
0-2: SINGLE (Groundball, 34D)
Wilbert Rodgers to second
Runner from 2nd tries for 3rd, SAFE, throw made to third
Batting: RHB Gerardo Escobedo 0-0: Swinging Strike
0-1: Swinging Strike
0-2: Fly out, F3 (Popup, 3F)
Batting: SHB Julián Madrid 0-0: Ball
1-0: Foul Ball, location: 2F
1-1: Ball
2-1: Foul Ball, location: 2F
2-2: Ball
3-2: Foul Ball, location: 2F
3-2: Base on Balls
Luis González to second
Batting: RHB Stephen Wilson 0-0: Ball
1-0: Called Strike
1-1: Ball
2-1: Ball
3-1: Called Strike
3-2: GRAND SLAM HOME RUN (Flyball, 78XD), Distance : 423 ft
Batting: RHB António Magana 0-0: Swinging Strike
0-1: Ball
1-1: Swinging Strike
1-2: Strikes out looking
Bottom of the 5th over - 4 run(s), 3 hit(s), 0 error(s), 0 left on base; Baffin Island 3 - Los Cabos 5
TOP OF THE 6TH
Baffin Island Beavers batting - Pitching for Los Cabos Cartel : RHP Vicente Durán
Batting: RHB Dexter Potter 0-0: Swinging Strike
0-1: Foul Ball, location: 2F
0-2: Strikes out swinging
Batting: LHB Keng-chi Lao 0-0: Foul Ball, location: 2F
0-1: SOLO HOME RUN (Flyball, 78XD), Distance : 402 ft
Batting: RHB Dave Craig 0-0: Called Strike
0-1: Ground out 5-3 (Groundball, 56)
Batting: LHB José Berroa 0-0: Ball
1-0: Ball
2-0: Ball
3-0: Base on Balls
Batting: RHB Mario López 0-0: Ball
1-0: DOUBLE (Flyball, 78XD)
José Berroa to third
Runner from 3rd tries for Home, throw and OUT!
Top of the 6th over - 1 run(s), 2 hit(s), 0 error(s), 1 left on base; Baffin Island 4 - Los Cabos 5
BOTTOM OF THE 6TH
Los Cabos Cartel batting - Pitching for Baffin Island Beavers : LHP Marcos Benítez
Batting: LHB Miguel Rivería 0-0: SINGLE (Flyball, 8RS)
Batting: RHB Oliver Hernández 0-0: Foul Ball, location: 2F
0-1: Called Strike
0-2: Hit by Pitch
Miguel Rivería to second
Batting: RHB John Pick 0-0: Called Strike
0-1: Foul Ball, location: 2F
0-2: Ball
1-2: Ball
2-2: Foul Ball, location: 2F
2-2: Foul Ball, location: 2F
2-2: Foul Ball, location: 2F
2-2: Foul Ball, location: 2F
2-2: Foul Ball, location: 2F
2-2: Foul Ball, location: 2F
2-2: Foul Ball, location: 2F
2-2: DOUBLE (Line Drive, 78D)
Miguel Rivería scores
Oliver Hernández to third
Batting: RHB Wilbert Rodgers 0-0: Intentional Walk
Pitching: RHP Luis Féliz
Batting: LHB Luis González 0-0: Ball
1-0: DOUBLE (Line Drive, 8RD)
Oliver Hernández scores
John Pick scores
Wilbert Rodgers to third
Batting: RHB Gerardo Escobedo 0-0: Called Strike
0-1: Ball
1-1: Ball
2-1: Foul Ball, location: 2F
2-2: Strikes out swinging
Batting: SHB Julián Madrid 0-0: Intentional Walk
Batting: RHB Stephen Wilson 0-0: Called Strike
0-1: Foul Ball, location: 2F
0-2: Ball
1-2: Ball
2-2: Strikes out looking
Batting: RHB António Magana 0-0: Ball
1-0: Called Strike
1-1: GRAND SLAM HOME RUN (Flyball, 7D), Distance : 401 ft
Batting: LHB Miguel Rivería 0-0: Called Strike
0-1: Ball
1-1: Foul Ball, location: 2F
1-2: Foul Ball, location: 2F
1-2: Foul Ball, location: 2F
1-2: Ball
2-2: Ground out 4-3 (Groundball, 4M)
Bottom of the 6th over - 7 run(s), 4 hit(s), 0 error(s), 0 left on base; Baffin Island 4 - Los Cabos 12
TOP OF THE 7TH
Baffin Island Beavers batting - Pitching for Los Cabos Cartel : RHP Vicente Durán
Batting: LHB Mario García 0-0: Called Strike
0-1: Foul Ball, location: 2F
0-2: Ball
1-2: Foul Ball, location: 2F
1-2: Ball
2-2: Foul Ball, location: 2F
2-2: Ground out 3-1 (Groundball, 3)
Batting: LHB Jeff Cole 0-0: Foul Ball, location: 2F
0-1: Called Strike
0-2: Ball
1-2: Foul Ball, location: 2F
1-2: Ball
2-2: Ball
3-2: Ground out 6-3 (Groundball, 6)
Batting: RHB Tony Morton 0-0: Ball
1-0: Ground out 3-1 (Groundball, 3L)
Top of the 7th over - 0 run(s), 0 hit(s), 0 error(s), 0 left on base; Baffin Island 4 - Los Cabos 12
BOTTOM OF THE 7TH
Los Cabos Cartel batting - Pitching for Baffin Island Beavers : RHP Luis Féliz
Batting: RHB Oliver Hernández 0-0: Called Strike
0-1: Called Strike
0-2: Ball
1-2: Foul Ball, location: 2F
1-2: Strikes out swinging
Batting: RHB John Pick 0-0: Called Strike
0-1: Swinging Strike
0-2: Foul Ball, location: 2F
0-2: Foul Ball, location: 2F
0-2: Strikes out swinging
Batting: RHB Wilbert Rodgers 0-0: Ball
1-0: Ball
2-0: Fly out, F9 (Flyball, 9LSF)
Bottom of the 7th over - 0 run(s), 0 hit(s), 0 error(s), 0 left on base; Baffin Island 4 - Los Cabos 12
TOP OF THE 8TH
Baffin Island Beavers batting - Pitching for Los Cabos Cartel : RHP Vicente Durán
Pitching: LHP António Martínez
Batting: LHB Lorenzo Villa 0-0: Ball
1-0: Ball
2-0: SINGLE (Groundball, 34D)
Batting: RHB Dexter Potter 0-0: Ball
1-0: Swinging Strike
1-1: Swinging Strike
1-2: Strikes out swinging
Batting: LHB Keng-chi Lao 0-0: Called Strike
0-1: Ball
1-1: Ball
2-1: Foul Ball, location: 2F
2-2: Foul Ball, location: 2F
2-2: Foul Ball, location: 2F
2-2: Fly out, F9 (Flyball, 9D)
Batting: RHB Dave Craig 0-0: SINGLE (Flyball, 78S)
Lorenzo Villa to second
Batting: LHB José Berroa 0-0: Called Strike
0-1: Ball
1-1: Fly out, F6 (Popup, 6S)
Top of the 8th over - 0 run(s), 2 hit(s), 0 error(s), 2 left on base; Baffin Island 4 - Los Cabos 12
BOTTOM OF THE 8TH
Los Cabos Cartel batting - Pitching for Baffin Island Beavers : RHP Luis Féliz
Pitching: LHP José Bamuelos
Batting: LHB Luis González 0-0: Foul Ball, location: 2F
0-1: Called Strike
0-2: Strikes out swinging
Batting: RHB Gerardo Escobedo 0-0: Ball
1-0: Ball
2-0: Called Strike
2-1: Fly out, F8 (Flyball, 8RS)
Batting: SHB Julián Madrid 0-0: Called Strike
0-1: Ball
1-1: Ball
2-1: Foul Ball, location: 2F
2-2: Foul Ball, location: 2F
2-2: Foul Ball, location: 2F
2-2: SINGLE (Line Drive, 34)
Batting: RHB Stephen Wilson 0-0: Ball
1-0: Ball
2-0: Foul Ball, location: 2F
2-1: 2-RUN HOME RUN (Flyball, 78XD), Distance : 404 ft
Batting: RHB António Magana 0-0: Called Strike
0-1: Foul Ball, location: 2F
0-2: Foul Ball, location: 2F
0-2: Ground out 5-3 (Groundball, 56)
Bottom of the 8th over - 2 run(s), 2 hit(s), 0 error(s), 0 left on base; Baffin Island 4 - Los Cabos 14
TOP OF THE 9TH
Baffin Island Beavers batting - Pitching for Los Cabos Cartel : LHP António Martínez
Batting: RHB Mario López 0-0: Ball
1-0: Ball
2-0: Ball
3-0: Base on Balls
Pinch Hitting: RHB Pepe Medrano 0-0: Called Strike
0-1: Ball
1-1: Called Strike
1-2: Foul Ball, location: 2F
1-2: Strikes out looking
Pitching: RHP Yajirobei Endo
Batting: LHB Jeff Cole 0-0: Ball
1-0: Ball
2-0: Ball
3-0: Called Strike
3-1: Swinging Strike
3-2: SINGLE (Line Drive, 56)
Mario López to second
Mario López to third
Batting: RHB Tony Morton 0-0: Ball
1-0: Ball
2-0: Called Strike
2-1: Called Strike
2-2: Ball
3-2: SINGLE (Line Drive, 89M)
Mario López scores
Jeff Cole to second
Batting: LHB Lorenzo Villa 0-0: Ball
1-0: Swinging Strike
1-1: Grounds out, U3 (Groundball, 3L)
Jeff Cole to third
Batting: RHB Dexter Potter 0-0: Ball
1-0: Ground out 5-3 (Groundball, 56S)
Top of the 9th over - 1 run(s), 2 hit(s), 0 error(s), 2 left on base; Baffin Island 5 - Los Cabos 14
Monday, December 5th, 2016 - OOTP Baseball 17.12 Build 75